AoeStats
← HSL | Tisy16

Pilgrims

509842480Analyzed
2v2 RM · 5d ago on Sep 28, 2026· 31m 40s· 4 players
Game mode
Random Map
Map size
Medium (4 player)
Population
200
Speed
Normal
Resources
Standard
Victory
Conquest
Starting age
Dark Age
Ending age
Imperial Age
RankedLock teamsTeams togetherTeam positionsShared explorationLock speedFull tech treeHidden civsTurbo modeCheats
Victory
Defeat
🇮🇹 Byzantines · Italy
1287
+13
🇹🇷 Huns · Türkiye
1184
+17
🇹🇼 Celts · Taiwan
1238
-16
🇺🇸 Vikings · United States
1186
-14
taaaaazzyy
9:35 Loom
11:33 Feudal Age
14:07 Fishing Lines
14:42 Bloodlines
15:45 Scale Barding Armor
16:02 Double-Bit Axe
17:23 Forging
20:02 Fletching
24:27 Castle Age
23:08 Horse Collar
24:33 Gold Mining
26:15 Bodkin Arrow
28:09 Ballistics
29:58 Padded Archer Armor
30:03 Husbandry
31:30 Wheelbarrow
31:45 Leather Archer Armor
HSL | Tisy16
3:39 Loom
12:13 Feudal Age
13:09 Double-Bit Axe
15:11 Forging
16:05 Fishing Lines
22:24 Castle Age
23:16 Medium Warships
24:22 Gillnets
24:45 Clinker Construction
24:42 Siphons
27:00 Careening
30:34 Iron Casting
29:51 Fletching
32:58 Imperial Age
ScrotasticNutz
8:13 Loom
12:16 Feudal Age
13:21 Double-Bit Axe
19:09 Castle Age
19:46 Pikeman
GNULINUX
6:11 Loom
10:24 Feudal Age
11:11 Fishing Lines
11:36 Man-at-Arms
12:21 Double-Bit Axe
18:14 Castle Age
16:21 Scale Mail Armor
19:18 Medium Warships
Connection lost

Rejoining the realm…

Still unreachable

The connection could not be restored.

Session expired

The server has moved on; the page needs a fresh start.